PAAA
THOMASVILLE LOOKOUTS @ PORT ROYAL DISASTER
08/01/2017
 
TOP OF THE 1ST
Phoenix Hotspur Reserves batting - Pitching for Pawnee ParksNRec : RHP Ernest Sloan
Pitching: RHP Ernest Sloan
Batting: RHB Halmar Breugelmans 0-0: Bunted foul
0-1: Ball
1-1: SINGLE (Line Drive, 6D)
Batting: SHB Luis Vargas 0-0: Ball
1-0: Called Strike
1-1: Ball
2-1: Foul Ball, location: 2F
2-2: Strikes out looking
Batting: RHB Tyrone Graham 0-0: Called Strike
0-1: Ground out 2-3 (Groundball, 23)
Halmar Breugelmans to second
Batting: RHB Ramón Cruz 0-0: Fly out, F8 (Flyball, 8LM)
Top of the 1st over - 0 run(s), 1 hit(s), 0 error(s), 1 left on base; Phoenix 0 - Pawnee 0
BOTTOM OF THE 1ST
Pawnee ParksNRec batting - Pitching for Phoenix Hotspur Reserves : LHP John Jones
Pitching: LHP John Jones
Batting: RHB Xie-li Kan 0-0: Ball
1-0: Ball
2-0: Ball
3-0: Base on Balls
Batting: SHB Pancho Ríos 0-0: Called Strike
0-1: Called Strike
0-2: Ball
1-2: SINGLE (Line Drive, 56)
Xie-li Kan to second
Batting: RHB Alfred Roberts 0-0: Swinging Strike
0-1: Grounds into double play, 6-4-3 (Groundball, 6)
Xie-li Kan to third
Batting: RHB Wilson Ramírez 0-0: Called Strike
0-1: 2-RUN HOME RUN (Flyball, 7D), Distance : 386 ft
Batting: RHB Merrill Campbell 0-0: Called Strike
0-1: Ball
1-1: SINGLE (Groundball, 6D)
Batting: RHB António Alvarado 0-0: Ball
1-0: Ball
2-0: Foul Ball, location: 2F
2-1: Ball
3-1: Called Strike
3-2: Fly out, F6 (Popup, 6MD)
Bottom of the 1st over - 2 run(s), 3 hit(s), 0 error(s), 1 left on base; Phoenix 0 - Pawnee 2
TOP OF THE 2ND
Phoenix Hotspur Reserves batting - Pitching for Pawnee ParksNRec : RHP Ernest Sloan
Batting: LHB Imre Brincka 0-0: Ball
1-0: Ball
2-0: Called Strike
2-1: Ground out 4-3 (Groundball, 4)
Batting: RHB Greg Griffin 0-0: Swinging Strike
0-1: Ball
1-1: Foul Ball, location: 2F
1-2: Ground out 1-3 (Groundball, 13)
Batting: LHB Jim Unknown 0-0: Called Strike
0-1: Ball
1-1: Foul Ball, location: 2F
1-2: Ball
2-2: Foul Ball, location: 2F
2-2: Foul Ball, location: 2F
2-2: Ball
3-2: SINGLE (Flyball, 7LS)
Batting: RHB Reed Hanson 0-0: Foul Ball, location: 2F
0-1: Ball
1-1: Ball
2-1: Ball
3-1: SINGLE (Line Drive, 89S)
Jim Unknown to second
Runner from 2nd tries for 3rd, SAFE, throw made to third
Batting: LHB Zhenechka Alchevsky 0-0: SINGLE (Line Drive, 3D)
Jim Unknown scores
Reed Hanson to second
Batting: RHB Halmar Breugelmans 0-0: Ball
1-0: Called Strike
1-1: Called Strike
1-2: Ball
2-2: Strikes out swinging
Top of the 2nd over - 1 run(s), 3 hit(s), 0 error(s), 2 left on base; Phoenix 1 - Pawnee 2
BOTTOM OF THE 2ND
Pawnee ParksNRec batting - Pitching for Phoenix Hotspur Reserves : LHP John Jones
Batting: RHB Ángel Garza 0-0: Foul Ball, location: 2F
0-1: Called Strike
0-2: Fly out, F9 (Popup, 4D)
Batting: RHB Waylon Peterson 0-0: Ball
1-0: Swinging Strike
1-1: Called Strike
1-2: Fly out, F9 (Line Drive, 89M)
Batting: LHB Harold Logan 0-0: Ground out 4-3 (Groundball, 34)
Bottom of the 2nd over - 0 run(s), 0 hit(s), 0 error(s), 0 left on base; Phoenix 1 - Pawnee 2
TOP OF THE 3RD
Phoenix Hotspur Reserves batting - Pitching for Pawnee ParksNRec : RHP Ernest Sloan
Batting: SHB Luis Vargas 0-0: Fly out, F7 (Popup, 5D)
Batting: RHB Tyrone Graham 0-0: SOLO HOME RUN (Flyball, 7D), Distance : 399 ft
Batting: RHB Ramón Cruz 0-0: Swinging Strike
0-1: Ball
1-1: Ball
2-1: Foul Ball, location: 2F
2-2: Ball
3-2: Base on Balls
Batting: LHB Imre Brincka 0-0: Foul Ball, location: 2F
0-1: Foul Ball, location: 2F
0-2: Ground out 4-3 (Groundball, 4M)
Ramón Cruz to second
Batting: RHB Greg Griffin 0-0: Ball
1-0: Ball
2-0: Ball
3-0: Base on Balls
Batting: LHB Jim Unknown 0-0: Ball
1-0: Called Strike
1-1: Ball
2-1: Ball
3-1: Fly out, F5 (Popup, 5F)
Top of the 3rd over - 1 run(s), 1 hit(s), 0 error(s), 2 left on base; Phoenix 2 - Pawnee 2
BOTTOM OF THE 3RD
Pawnee ParksNRec batting - Pitching for Phoenix Hotspur Reserves : LHP John Jones
Batting: RHB Xie-li Kan 0-0: SINGLE (Line Drive, 78S)
Batting: SHB Pancho Ríos 0-0: Called Strike
0-1: Ball
1-1: SINGLE (Groundball, 13) (infield hit)
Xie-li Kan to second
Batting: RHB Alfred Roberts 0-0: Called Strike
0-1: Ball
1-1: Ball
2-1: Foul Ball, location: 2F
2-2: SINGLE (Line Drive, 8RS)
Xie-li Kan to third
Pancho Ríos to second
Batting: RHB Wilson Ramírez 0-0: Ball
1-0: Swinging Strike
1-1: Foul Ball, location: 2F
1-2: Fly out, F8 (Flyball, 8RM)
Runner from 3rd tags up, SCORES, no throw
Batting: RHB Merrill Campbell 0-0: Called Strike
0-1: Foul Ball, location: 2F
0-2: Strikes out swinging
Batting: RHB António Alvarado 0-0: Fielders Choice at 2nd, 5-4 (Groundball, 56)
Bottom of the 3rd over - 1 run(s), 3 hit(s), 0 error(s), 1 left on base; Phoenix 2 - Pawnee 3
TOP OF THE 4TH
Phoenix Hotspur Reserves batting - Pitching for Pawnee ParksNRec : RHP Ernest Sloan
Batting: RHB Reed Hanson 0-0: Swinging Strike
0-1: Called Strike
0-2: Foul Ball, location: 2F
0-2: Strikes out looking
Batting: LHB Zhenechka Alchevsky 0-0: Foul Ball, location: 2F
0-1: Called Strike
0-2: Foul Ball, location: 2F
0-2: Hit by Pitch
Batting: RHB Halmar Breugelmans 0-0: Ball
1-0: Foul Ball, location: 2F
Balk!
Zhenechka Alchevsky to second
1-1: Foul Ball, location: 2F
1-2: Foul Ball, location: 2F
1-2: Strikes out looking
Batting: SHB Luis Vargas 0-0: Ball
1-0: Reached on error, E6 (Groundball, 56)
Zhenechka Alchevsky scores
Batting: RHB Tyrone Graham 0-0: Swinging Strike
0-1: Foul Ball, location: 2F
0-2: Ball
1-2: Fly out, F3 (Popup, 23F)
Top of the 4th over - 1 run(s), 0 hit(s), 1 error(s), 1 left on base; Phoenix 3 - Pawnee 3
BOTTOM OF THE 4TH
Pawnee ParksNRec batting - Pitching for Phoenix Hotspur Reserves : LHP John Jones
Batting: RHB Ángel Garza 0-0: Swinging Strike
0-1: Swinging Strike
0-2: Ball
1-2: DOUBLE (Line Drive, 5D)
Batting: RHB Waylon Peterson 0-0: Ground out 4-3 (Groundball, 34)
Ángel Garza to third
Batting: LHB Harold Logan 0-0: Ball
1-0: Called Strike
1-1: Foul Ball, location: 2F
1-2: Ball
2-2: Foul Ball, location: 2F
2-2: SINGLE (Flyball, 7S)
Ángel Garza scores
Batting: RHB Xie-li Kan 0-0: Called Strike
0-1: Foul Ball, location: 2F
0-2: Ball
1-2: Foul Ball, location: 2F
1-2: Strikes out swinging
Batting: SHB Pancho Ríos 0-0: Ground out 5-3 (Groundball, 56)
Bottom of the 4th over - 1 run(s), 2 hit(s), 0 error(s), 1 left on base; Phoenix 3 - Pawnee 4
TOP OF THE 5TH
Phoenix Hotspur Reserves batting - Pitching for Pawnee ParksNRec : RHP Ernest Sloan
Batting: RHB Ramón Cruz 0-0: Foul Ball, location: 2F
0-1: Foul Ball, location: 2F
0-2: Ball
1-2: Ball
2-2: Ball
3-2: Foul Ball, location: 2F
3-2: Strikes out swinging
Batting: LHB Imre Brincka 0-0: Ball
1-0: Foul Ball, location: 2F
1-1: Foul Ball, location: 2F
1-2: Ball
2-2: Ground out 5-3 (Groundball, 15S)
Batting: RHB Greg Griffin 0-0: Ball
1-0: Called Strike
1-1: Foul Ball, location: 2F
1-2: Ground out 4-3 (Groundball, 4)
Top of the 5th over - 0 run(s), 0 hit(s), 0 error(s), 0 left on base; Phoenix 3 - Pawnee 4
BOTTOM OF THE 5TH
Pawnee ParksNRec batting - Pitching for Phoenix Hotspur Reserves : LHP John Jones
Batting: RHB Alfred Roberts 0-0: Ball
1-0: Called Strike
1-1: SINGLE (Groundball, 34)
Batting: RHB Wilson Ramírez 0-0: Called Strike
0-1: Called Strike
0-2: Ball
1-2: Ball
2-2: Ground out 6-3 (Groundball, 6MS)
Alfred Roberts to second
Pitching: LHP Matthew Barnes
Batting: RHB Merrill Campbell 0-0: Ball
1-0: Called Strike
1-1: Ball
2-1: Swinging Strike
2-2: Strikes out looking
Batting: RHB António Alvarado 0-0: Ball
1-0: Ball
2-0: Called Strike
2-1: Foul Ball, location: 2F
2-2: Fly out, F9 (Flyball, 9D)
Bottom of the 5th over - 0 run(s), 1 hit(s), 0 error(s), 1 left on base; Phoenix 3 - Pawnee 4
TOP OF THE 6TH
Phoenix Hotspur Reserves batting - Pitching for Pawnee ParksNRec : RHP Ernest Sloan
Batting: LHB Jim Unknown 0-0: Foul Ball, location: 2F
0-1: Hit by Pitch
Batting: RHB Reed Hanson 0-0: Ball
1-0: Called Strike
1-1: Ball
2-1: Ball
3-1: Foul Ball, location: 2F
3-2: Foul Ball, location: 2F
3-2: Ground out 5-3 (Groundball, 5S)
Jim Unknown to second
Batting: LHB Zhenechka Alchevsky 0-0: Fly out, F8 (Flyball, 8LM)
Batting: RHB Halmar Breugelmans 0-0: Ground out 6-3 (Groundball, 6)
Top of the 6th over - 0 run(s), 0 hit(s), 0 error(s), 1 left on base; Phoenix 3 - Pawnee 4
BOTTOM OF THE 6TH
Pawnee ParksNRec batting - Pitching for Phoenix Hotspur Reserves : LHP Matthew Barnes
Batting: RHB Ángel Garza 0-0: Ball
1-0: Foul Ball, location: 2F
1-1: Foul Ball, location: 2F
1-2: Ball
2-2: Foul Ball, location: 2F
2-2: Fly out, F8 (Flyball, 8RM)
Batting: RHB Waylon Peterson 0-0: Called Strike
0-1: Foul Ball, location: 2F
0-2: Ball
1-2: Foul Ball, location: 2F
1-2: Ball
2-2: Foul Ball, location: 2F
2-2: Ball
3-2: Foul Ball, location: 2F
3-2: Base on Balls
Batting: LHB Harold Logan 0-0: Ball
1-0: Ball
2-0: Foul Ball, location: 2F
2-1: Foul Ball, location: 2F
2-2: TRIPLE (Line Drive, 8RM)
Waylon Peterson scores
Batting: RHB Xie-li Kan 0-0: Intentional Walk
Pitching: LHP Lee Reynolds
Batting: SHB Pancho Ríos 0-0: Ball
Xie-li Kan steals 2nd base
1-0: Foul Ball, location: 2F
1-1: Ball
2-1: Swinging Strike
2-2: Foul Ball, location: 2F
2-2: Fly out, F9 (Flyball, 9S)
Batting: RHB Alfred Roberts 0-0: Called Strike
0-1: Swinging Strike
0-2: Ball
1-2: SINGLE (Flyball, 6MD)
Harold Logan scores
Xie-li Kan to third
Runner from 3rd tries for Home, SAFE, no throw or cutoff
Batting: RHB Wilson Ramírez 0-0: Called Strike
0-1: Swinging Strike
0-2: Strikes out looking
Bottom of the 6th over - 3 run(s), 2 hit(s), 0 error(s), 1 left on base; Phoenix 3 - Pawnee 7
TOP OF THE 7TH
Phoenix Hotspur Reserves batting - Pitching for Pawnee ParksNRec : RHP Ernest Sloan
Batting: SHB Luis Vargas 0-0: Called Strike
0-1: Ball
1-1: DOUBLE (Line Drive, 78M)
Batting: RHB Tyrone Graham 0-0: Called Strike
0-1: Ball
1-1: Ball
2-1: Ball
3-1: Base on Balls
Batting: RHB Ramón Cruz 0-0: Ball
1-0: Swinging Strike
1-1: Called Strike
1-2: Strikes out looking
Pitching: LHP Tim Fitzgerald
Batting: LHB Imre Brincka 0-0: Ball
1-0: Ground out 3-1 (Groundball, 34)
Luis Vargas to third
Tyrone Graham to second
Batting: RHB Greg Griffin 0-0: Called Strike
0-1: Called Strike
0-2: DOUBLE (Line Drive, 5D)
Luis Vargas scores
Tyrone Graham scores
Pitching: RHP Del Lamb
Batting: LHB Jim Unknown 0-0: Ball
1-0: Foul Ball, location: 2F
1-1: Ball
2-1: Foul Ball, location: 2F
2-2: Strikes out swinging
Top of the 7th over - 2 run(s), 2 hit(s), 0 error(s), 1 left on base; Phoenix 5 - Pawnee 7
BOTTOM OF THE 7TH
Pawnee ParksNRec batting - Pitching for Phoenix Hotspur Reserves : LHP Lee Reynolds
Batting: RHB Merrill Campbell 0-0: Called Strike
0-1: Ground out 5-3 (Groundball, 56)
Batting: RHB António Alvarado 0-0: Ball
1-0: SINGLE (Line Drive, 8LS)
Batting: RHB Ángel Garza 0-0: Ball
1-0: Ball
2-0: Ball
3-0: Foul Ball, location: 2F
3-1: Base on Balls
António Alvarado to second
Pinch Hitting: RHB Leonardo Sánchez 0-0: Called Strike
0-1: Grounds into double play, 1-6-3 (Groundball, 15)
Bottom of the 7th over - 0 run(s), 1 hit(s), 0 error(s), 1 left on base; Phoenix 5 - Pawnee 7
TOP OF THE 8TH
Phoenix Hotspur Reserves batting - Pitching for Pawnee ParksNRec : RHP Del Lamb
Now at 2B: Austin Miller
Now in RF: David Pacheco
Batting: RHB Reed Hanson 0-0: Swinging Strike
0-1: Ball
1-1: SINGLE (Line Drive, 6MD)
Pitching: RHP Gerd Jans
Batting: LHB Zhenechka Alchevsky 0-0: Foul Ball, location: 2F
0-1: Ball
1-1: SINGLE (Flyball, 7S)
Reed Hanson to second
Pinch Hitting: LHB Kevin Sims 0-0: Swinging Strike
0-1: Foul Ball, location: 2F
0-2: Ball
1-2: Foul Ball, location: 2F
1-2: Strikes out swinging
Batting: SHB Luis Vargas 0-0: Ball
1-0: SINGLE (Line Drive, 56D)
Reed Hanson to third
Zhenechka Alchevsky to second
Batting: RHB Tyrone Graham 0-0: Ball
Wild Pitch!
Reed Hanson scores
Zhenechka Alchevsky to third
Luis Vargas to second
1-0: Fly out, F4 (Popup, 4M)
Batting: RHB Ramón Cruz 0-0: Swinging Strike
0-1: Ball
1-1: SINGLE (Groundball, 4D)
Zhenechka Alchevsky scores
Luis Vargas to third
Runner from 3rd tries for Home, SAFE, no throw or cutoff
Pitching: RHP Neil Gilliam
Batting: LHB Imre Brincka 0-0: Called Strike
0-1: Fly out, F7 (Flyball, 7LS)
Top of the 8th over - 3 run(s), 4 hit(s), 0 error(s), 1 left on base; Phoenix 8 - Pawnee 7
BOTTOM OF THE 8TH
Pawnee ParksNRec batting - Pitching for Phoenix Hotspur Reserves : LHP Lee Reynolds
Pitching: RHP Miguel Herrera
Now at 2B: Jorge Martínez
Batting: LHB Harold Logan 0-0: Ground out 5-3 (Groundball, 56)
Batting: RHB Xie-li Kan 0-0: Ball
1-0: Fly out, F7 (Line Drive, 7M)
Batting: SHB Pancho Ríos 0-0: Called Strike
0-1: Called Strike
0-2: Ball
1-2: Foul Ball, location: 2F
1-2: SINGLE (Line Drive, 6MD)
Batting: RHB Alfred Roberts 0-0: Foul Ball, location: 2F
0-1: Swinging Strike
0-2: Ball
1-2: Ball
2-2: Strikes out looking
Bottom of the 8th over - 0 run(s), 1 hit(s), 0 error(s), 1 left on base; Phoenix 8 - Pawnee 7
TOP OF THE 9TH
Phoenix Hotspur Reserves batting - Pitching for Pawnee ParksNRec : RHP Neil Gilliam
Batting: RHB Greg Griffin 0-0: Ball
1-0: Ball
2-0: Called Strike
2-1: Ground out 6-3 (Groundball, 6M)
Batting: LHB Jim Unknown 0-0: Called Strike
0-1: Ball
1-1: Ball
2-1: Ground out 1-3 (Groundball, 15)
Batting: RHB Reed Hanson 0-0: Called Strike
0-1: Ball
1-1: Fly out, F7 (Flyball, 7D)
Top of the 9th over - 0 run(s), 0 hit(s), 0 error(s), 0 left on base; Phoenix 8 - Pawnee 7
BOTTOM OF THE 9TH
Pawnee ParksNRec batting - Pitching for Phoenix Hotspur Reserves : RHP Miguel Herrera
Pitching: RHP Jesús Ayala
Pinch Hitting: LHB Jim Chaffe 0-0: Called Strike
0-1: Ball
1-1: Foul Ball, location: 2F
1-2: Ball
2-2: Foul Ball, location: 2F
2-2: SINGLE (Groundball, 34)
Batting: RHB Merrill Campbell 0-0: Called Strike
0-1: Ball
1-1: Ball
2-1: Ball
3-1: Base on Balls
Jim Chaffe to second
Batting: RHB António Alvarado 0-0: Ball
1-0: Ball
2-0: Foul Ball, location: 2F
2-1: Foul Ball, location: 2F
2-2: Ball
3-2: Base on Balls
Jim Chaffe to third
Merrill Campbell to second
Batting: RHB Ángel Garza 0-0: Swinging Strike
0-1: Foul Ball, location: 2F
0-2: Strikes out swinging
Batting: LHB Austin Miller 0-0: Called Strike
0-1: Foul Ball, location: 2F
0-2: Foul Ball, location: 2F
0-2: Ball
1-2: Foul Ball, location: 2F
1-2: Foul Ball, location: 2F
1-2: Ball
2-2: Fly out, F7 (Flyball, 7M)
Runner from 3rd tags up, SCORES, throw made
Pinch Runner at 2nd Tyrone Morgan:
Batting: LHB Harold Logan 0-0: Swinging Strike
0-1: Fly out, F2 (Popup, 15S)
Bottom of the 9th over - 1 run(s), 1 hit(s), 0 error(s), 2 left on base; Phoenix 8 - Pawnee 8
TOP OF THE 10TH
Phoenix Hotspur Reserves batting - Pitching for Pawnee ParksNRec : RHP Neil Gilliam
Now at 2B: Tyrone Morgan
Now in CF: Fai Huang
Batting: LHB Zhenechka Alchevsky 0-0: Foul Ball, location: 2F
0-1: Foul Ball, location: 2F
0-2: Ball
1-2: Ground out 2-3 (Groundball, 23)
Pinch Hitting: RHB Shao-zu Zhang 0-0: Ball
1-0: Called Strike
1-1: Ball
2-1: SINGLE (Groundball, 5L)
Pinch Hitting: LHB Edgardo Téllez 0-0: Called Strike
0-1: SINGLE (Groundball, 34D)
Shao-zu Zhang to second
Runner from 2nd tries for 3rd, SAFE, no throw or cutoff
Batting: RHB Tyrone Graham 0-0: Swinging Strike
0-1: Ball
1-1: Ball
2-1: Ball
3-1: Fly out, F7 (Flyball, 78S)
Batting: RHB Ramón Cruz 0-0: Ball
1-0: Foul Ball, location: 2F
1-1: Ball
2-1: Ball
3-1: Foul Ball, location: 2F
3-2: Foul Ball, location: 2F
3-2: Ground out 1-3 (Groundball, 15)
Top of the 10th over - 0 run(s), 2 hit(s), 0 error(s), 2 left on base; Phoenix 8 - Pawnee 8
BOTTOM OF THE 10TH
Pawnee ParksNRec batting - Pitching for Phoenix Hotspur Reserves : RHP Jesús Ayala
Now at C: Eduardo Ayala
Now at 2B: Shao-zu Zhang
Batting: RHB Xie-li Kan 0-0: Ball
1-0: Ball
2-0: Called Strike
2-1: Ball
3-1: Foul Ball, location: 2F
3-2: Base on Balls
Batting: SHB Pancho Ríos 0-0: Ball
1-0: Called Strike
1-1: Ball
2-1: Bunted foul
2-2: Ball
3-2: Foul Ball, location: 2F
3-2: Fly out, F8 (Line Drive, 8LS)
3-2: Fly out, F8 (Line Drive, 8LS)
Pitching: RHP Luis Ramírez
Batting: RHB Alfred Roberts 0-0: Ball
Xie-li Kan is caught stealing 2nd base
1-0: Ball
2-0: Ball
3-0: Called Strike
3-1: Called Strike
3-2: Fly out, F6 (Popup, 6MD)
Bottom of the 10th over - 0 run(s), 0 hit(s), 0 error(s), 0 left on base; Phoenix 8 - Pawnee 8
TOP OF THE 11TH
Phoenix Hotspur Reserves batting - Pitching for Pawnee ParksNRec : RHP Neil Gilliam
Batting: LHB Imre Brincka 0-0: Ground out 6-3 (Groundball, 6)
Batting: RHB Greg Griffin 0-0: Called Strike
0-1: Ball
1-1: Called Strike
1-2: Foul Ball, location: 2F
1-2: Ball
2-2: SINGLE (Line Drive, 8RS)
Pitching: RHP Javier López
Batting: LHB Jim Unknown 0-0: Fielders Choice at 2nd, 1-6 (Groundball, 25)
Batting: RHB Reed Hanson 0-0: Swinging Strike
0-1: Fly out, F4 (Popup, 4M)
Top of the 11th over - 0 run(s), 1 hit(s), 0 error(s), 1 left on base; Phoenix 8 - Pawnee 8
BOTTOM OF THE 11TH
Pawnee ParksNRec batting - Pitching for Phoenix Hotspur Reserves : RHP Luis Ramírez
Batting: LHB Fai Huang 0-0: SINGLE (Groundball, 34D)
Batting: LHB Tyrone Morgan 0-0: Foul Ball, location: 2F
0-1: Ball
1-1: Foul Ball, location: 2F
1-2: Strikes out swinging
Batting: RHB António Alvarado 0-0: Ball
1-0: Called Strike
1-1: Ball
2-1: Swinging Strike
2-2: Foul Ball, location: 2F
2-2: Foul Ball, location: 2F
2-2: Strikes out swinging
Batting: RHB Ángel Garza 0-0: Fly out, F8 (Flyball, 78XD)
Bottom of the 11th over - 0 run(s), 1 hit(s), 0 error(s), 1 left on base; Phoenix 8 - Pawnee 8
TOP OF THE 12TH
Phoenix Hotspur Reserves batting - Pitching for Pawnee ParksNRec : RHP Javier López
Batting: LHB Zhenechka Alchevsky 0-0: Called Strike
0-1: Called Strike
0-2: Ball
1-2: Strikes out swinging
Batting: RHB Shao-zu Zhang 0-0: Ball
1-0: Called Strike
1-1: Swinging Strike
1-2: Strikes out swinging
Batting: RHB Eduardo Ayala 0-0: Fly out, F8 (Flyball, 8LM)
Top of the 12th over - 0 run(s), 0 hit(s), 0 error(s), 0 left on base; Phoenix 8 - Pawnee 8
BOTTOM OF THE 12TH
Pawnee ParksNRec batting - Pitching for Phoenix Hotspur Reserves : RHP Luis Ramírez
Batting: LHB Austin Miller 0-0: Swinging Strike
0-1: Swinging Strike
0-2: Ball
1-2: Strikes out swinging
Batting: LHB Harold Logan 0-0: Ball
1-0: Ball
2-0: Foul Ball, location: 2F
2-1: Fly out, F6 (Popup, 6D)
Batting: RHB Xie-li Kan 0-0: Ball
1-0: Ground out 1-3 (Groundball, 13)
Bottom of the 12th over - 0 run(s), 0 hit(s), 0 error(s), 0 left on base; Phoenix 8 - Pawnee 8
TOP OF THE 13TH
Phoenix Hotspur Reserves batting - Pitching for Pawnee ParksNRec : RHP Javier López
Batting: RHB Tyrone Graham 0-0: Ball
1-0: Reached on Error, E4 (Popup, 4D)
Batting: RHB Ramón Cruz 0-0: Foul Ball, location: 2F
0-1: Ball
1-1: Foul Ball, location: 2F
1-2: SINGLE (Groundball, 34S)
Tyrone Graham to second
Runner from 2nd tries for 3rd, SAFE, throw made to third
Batting: LHB Imre Brincka 0-0: Ball
1-0: Foul Ball, location: 2F
1-1: Ball
2-1: SINGLE (Groundball, 6M)
Tyrone Graham scores
Ramón Cruz to second
Batting: RHB Greg Griffin 0-0: Grounds into double play, 6-4-3 (Groundball, 6)
Ramón Cruz to third
Pitching: RHP Álex Padilla
Batting: LHB Jim Unknown 0-0: Ball
1-0: 2-RUN HOME RUN (Flyball, 9D), Distance : 380 ft
Batting: RHB Reed Hanson 0-0: Ball
1-0: Called Strike
1-1: Ball
2-1: Foul Ball, location: 2F
2-2: Ground out 4-3 (Groundball, 4MS)
Top of the 13th over - 3 run(s), 3 hit(s), 1 error(s), 0 left on base; Phoenix 11 - Pawnee 8
BOTTOM OF THE 13TH
Pawnee ParksNRec batting - Pitching for Phoenix Hotspur Reserves : RHP Luis Ramírez
Batting: SHB Pancho Ríos 0-0: DOUBLE (Line Drive, 9LS)
Batting: RHB Alfred Roberts 0-0: Ball
1-0: Called Strike
1-1: Foul Ball, location: 2F
1-2: Ball
2-2: Ball
3-2: DOUBLE (Line Drive, 8LM)
Pancho Ríos scores
Batting: LHB Fai Huang 0-0: Swinging Strike
0-1: Ball
1-1: Called Strike
1-2: Strikes out swinging
Pitching: RHP Eric Taylor
Batting: LHB Tyrone Morgan 0-0: Ball
1-0: Ground out 4-3 (Groundball, 34)
Alfred Roberts to third
Batting: RHB António Alvarado 0-0: Foul Ball, location: 2F
0-1: Ball
1-1: Ball
2-1: Foul Ball, location: 2F
2-2: Strikes out swinging
Bottom of the 13th over - 1 run(s), 2 hit(s), 0 error(s), 1 left on base; Phoenix 11 - Pawnee 9
This league is powered by Out of the Park Baseball, the baseball management simulation game for PC, Mac and Linux
Saturday, February 27th, 2021 - OOTP Baseball 15.6 Build 34